 Dungeon Crawl Stone Soup version 0.27-a0-1272-g7c8ad2e407 (webtiles) character file.

Game seed: 11080525925758680412

14 27snakeeyes612 the Skirmisher (level 2, -10/32 HPs)
             Began as an Ogre Fighter on June 11, 2021.
             Mangled by Sigmund
             ... wielding a +0 scythe
              (11 damage)
             ... on level 2 of the Dungeon.
             The game lasted 00:00:22 (830 turns).

27snakeeyes612 the Skirmisher (Ogre Fighter)         Turns: 830, Time: 00:00:22

Health: -10/32     AC:  3    Str: 19    XL:     2   Next: 45%
Magic:  2/2        EV:  8    Int:  9    God:
Gold:   47         SH:  8    Dex:  8    Spells: 1/1 levels left

rFire    . . .     SeeInvis .   a - +0 war axe
rCold    . . .     Faith    .   c - +0 kite shield
rNeg     . . .     Spirit   .   b - +0 robe
rPois    .         Reflect  .   (helmet restricted)
rElec    .         Harm     .   (no cloak)
rCorr    .         Rampage  .   (gloves unavailable)
Will     .....                  (boots unavailable)
Stlth    +.........             (no amulet)
HPRegen  0.10/turn              (no ring)
MPRegen  0.08/turn              (no ring)

@: mighty
A: large, unfitting armour, tough skin 1
a: no special abilities


You were on level 2 of the Dungeon.
You visited 1 branch of the dungeon, and saw 2 of its levels.

You collected 47 gold pieces.

Inventory:

Hand Weapons
 a - a +0 war axe (weapon)
Armour
 b - a +0 robe (worn)
 c - a +0 kite shield (worn)
Jewellery
 g - a ring of magical power
Scrolls
 e - a scroll of torment {unknown}
 h - a scroll of enchant weapon {unknown}
 i - a scroll of identify {unknown}
 j - a scroll of acquirement {unknown}
 k - a scroll of vulnerability {unknown}
Potions
 f - a potion of brilliance {unknown}


   Skills:
 + Level 4.1 Fighting
 + Level 2.1 Axes
 + Level 3.1 Dodging
 + Level 0.1 Stealth
 + Level 2.9 Shields


You had one spell level left.
You didn't know any spells.
Your spell library contained the following spells:

 Spells                   Type           Power      Damage    Failure   Level
 Magic Dart               Conj           0%         1d3       83%         1
 Blink                    Tloc           N/A        N/A       92%         2
 Call Imp                 Summ           0%         N/A       92%         2
 Slow                     Hex            0%         N/A       92%         2
 Conjure Flame            Conj/Fire      0%         6-21      99%         3
 Mephitic Cloud           Conj/Pois/Air  0%         N/A       99%         3


Dungeon Overview and Level Annotations

Branches:
Dungeon (2/15)

Altars:

Annotations:
D:2 Sigmund


Innate Abilities, Weirdness & Mutations

You are too large for most types of armour.
You have tough skin. (AC +1)


Message History

No target in view!
There is an empty arch of ancient stone here.
You see here a +0 club.
Found a stone staircase leading down.
j - a scroll labelled UTHERO UDUTATI You now have 47 gold pieces (gained 7).
You see here 22 stones.
Done exploring.
Done exploring.
No target in view!
(D) Dungeon
Where to? (? - help)
What level of the Dungeon? (default 1, ? - help)
You see here 22 stones.
There is a stone staircase leading down here.
You climb downwards.
Found a hunting sling.
There is a stone staircase leading up here.
k - a scroll labelled USIMOA COJEODU Sigmund the Dreaded comes into view.
He is wielding a +0 scythe.
Sigmund shouts!
Sigmund casts a spell at you. The puff of flame hits you!
Sigmund is nearby!
Sigmund casts a spell at you. The puff of flame hits you!
You completely miss Sigmund. Sigmund casts a spell at you.
The magic dart hits you!
* * * LOW HITPOINT WARNING * * *
You are too injured to fight recklessly!
You are too injured to fight recklessly!
You are too injured to fight recklessly!
You are too injured to fight recklessly!
You feel very mighty all of a sudden. Sigmund hits you with a +0 scythe!
* * * LOW HITPOINT WARNING * * *
You closely miss Sigmund. Sigmund hits you but does no damage.
Sigmund hits you with a +0 scythe!
You die... ########## #.@@.....# #.######.# ā‰ˆ #.# ā‰ˆP

#.# Pā‰ˆā‰ˆ#######
##.######.#
....#...####........#
......#.......######.#
#)..#####.#
#.........#


You could see Sigmund.

Vanquished Creatures
  2 ball pythons (D:1)
  2 endoplasms (D:1)
  A giant cockroach (D:1)
  3 goblins (D:1)
  A hobgoblin (D:1)
  3 bats (D:1)
12 creatures vanquished.

Notes
Turn   | Place    | Note
-------+----------+-------------------------------------------
     0 | D:1      | 27snakeeyes612 the Ogre Fighter began the quest for the
                  | Orb.
     0 | D:1      | Reached XP level 1. HP: 24/24 MP: 1/1
   307 | D:1      | Reached XP level 2. HP: 30/32 MP: 2/2
   600 | D:1      | Found a faded altar of an unknown god.
   826 | D:2      | Noticed Sigmund
   829 | D:2      | HP: 1/32 [Sigmund/+0 scythe (9)]
   830 | D:2      | Mangled by Sigmund

Illustrated notes

Levels and vault maps discovered:
D:1:      ebering_trefoil_twist, layout_loops_ring,
          hellmonk_ecumenical_altar_arch_garden
D:2:      layout_loops_ring, serial_bayou, serial_bayou_pond_c,
          serial_bayou_lake_a, serial_bayou_shore_a, serial_bayou_shore_b,
          uniq_sigmund

Skill      XL: |  1 |
---------------+----+-----
Dodging        | 3 |  3.1
Fighting       | |  4.1
Axes           | |  2.1
Stealth        | |  0.1
Shields        | |  2.9

Action                   || total
-------------------------++-------
Melee: War axe           ||    28
  Use: Potion            ||     1
 Stab: Sleeping          ||     1
Armor: Robe              ||     9
Dodge: Dodged            ||    12
Block: Kite shield       ||    15

Table legend: (Time is in decaauts)
 A = Elapsed time spent in this place.
 B = Non-inter-level travel time spent in this place.
 C = Inter-level travel time spent in this place.
 D = Time resting spent in this place.
 E = Time spent auto-exploring this place.
 F = Levels seen in this place.
 G = Mean time per level.
                   A        B        C        D        E       F      G
               +--------+--------+--------+--------+--------+-----+--------+
         Total |    846 |    842 |      4 |      0 |    762 |   2 |  423.0 |
       Dungeon |    846 |    842 |      4 |      0 |    762 |   2 |  423.0 |
               +--------+--------+--------+--------+--------+-----+--------+

Top non-repeatable levels by time:
     D:1: 824 daAuts
     D:2: 21 daAuts
